 Dungeon Crawl Stone Soup version 0.21.1-1-g345015f (webtiles) character file.

401 nicolaieve the Chopper (level 6, -13/56 HPs)
             Began as a Minotaur Berserker on July 7, 2018.
             Was a Priest of Trog.
             Mangled by Pikel
             ... wielding a +2 whip of electrocution
              (15 damage)
             ... on level 4 of the Dungeon.
             The game lasted 00:08:08 (2386 turns).

nicolaieve the Chopper (Minotaur Berserker)         Turns: 2386, Time: 00:08:09

Health: -13/56     AC:  9    Str: 24    XL:     6   Next: 54%
Magic:  5/5        EV:  9    Int:  4    God:    Trog [***...]
Gold:   114        SH:  0    Dex:  9    Spells: 5/5 levels left

rFire    . . .     SeeInvis .   a - +0 hand axe
rCold    . . .     Gourm    .   (no shield)
rNeg     . . .     Faith    .   f - +0 chain mail
rPois    .         Spirit   .   (helmet restricted)
rElec    .         Reflect  .   (no cloak)
rCorr    .         Harm     .   (no gloves)
MR       .....                  (no boots)
Stlth    ..........             (no amulet)
HPRegen  0.18/turn              (no ring)
MPRegen  0.09/turn              (no ring)

@: berserk cooldown, slowed, very slow
A: retaliatory headbutt, horns 2
a: Berserk, Trog's Hand, Burn Spellbooks, Renounce Religion


You were on level 4 of the Dungeon.
You worshipped Trog.
Trog was most pleased with you.
You were very hungry.

You visited 1 branch of the dungeon, and saw 4 of its levels.

You collected 114 gold pieces.

Inventory:

Hand Weapons
 a - a +0 hand axe (weapon)
Missiles
 l - 8 exploding tomahawks (quivered)
Armour
 f - a +0 chain mail (worn)
Wands
 o - a wand of enslavement (7)
Scrolls
 b - a scroll of magic mapping {unknown}
 d - a scroll of fear {unknown}
 e - 6 scrolls of identify {unknown}
 g - 2 scrolls of noise {unknown}
 h - 2 scrolls of remove curse {unknown}
 i - 2 scrolls of teleportation {unknown}
 k - a scroll of enchant weapon {unknown}
 m - a scroll of amnesia {unknown}
 r - a scroll of enchant armour {unknown}
Potions
 j - a potion of curing {unknown}
 p - a potion of agility {unknown}
 q - a potion of brilliance {unknown}
Comestibles
 c - 5 rations
 n - 9 chunks of flesh


   Skills:
 + Level 5.1 Fighting
 * Level 7.5 Axes
 + Level 4.0 Armour
 - Level 2.1 Dodging


You had 5 spell levels left.
You didn't know any spells.

Dungeon Overview and Level Annotations

Branches:
Dungeon (4/15)
 Temple: D:4-7

Altars:
Kikubaaqudgha
Trog
The Shining One

Annotations:
D:4 Pikel


Innate Abilities, Weirdness & Mutations

You reflexively headbutt those who attack you in melee.
You have a pair of horns on your head.


Message History

Pikel barely misses you. The slave hits you.
Unknown command.
Your chain mail prevents you from hitting the slave.
The slave is severely wounded.
You completely miss the slave. You closely miss Pikel.
The slave hits you but does no damage.
You hit the slave. Your headbutt misses the slave.
The slave is almost dead.
You hit Pikel. You hit the slave.
You are no longer berserk.
Trog's vigour flows through your veins.
You are exhausted.
You feel yourself slow down. The gnoll hits you but does no damage.
The slave hits you!
* * * LOW HITPOINT WARNING * * *
Pikel says, "You'll fetch a fair price!"
Pikel hits you with a whip of electrocution!
* * * LOW HITPOINT WARNING * * *
You are electrocuted!
You die...

.........# ........# ######
........# .....# .......# ####.##
.......# ##....# #......# #.....#
#pKg...# ######
#.....##########@p....######.....
#....>.........[.................
......###########................
#.......... ................
#.....##### #####........###
......# ##########........#
......# #......##.........###
.######## #......##.#######.#..
........# #.....)##.# #.#.#


You could see Pikel, 2 slaves and a gnoll.

Vanquished Creatures
  2 slaves (D:4)
  A scorpion (D:4)
  4 orc wizards (D:4)
  A hound (D:4)
  Ijyb (D:4)
  A worker ant (D:4)
  2 gnolls (D:4)
  6 adders
  2 oozes (D:1)
  2 worms
  2 dart slugs
  2 leopard geckos (D:1)
  8 orcs
  4 giant cockroaches
  7 hobgoblins
  2 jackals (D:4)
  3 quokkas
  A ball python (D:1)
  8 bats
  7 goblins
  9 kobolds
  A leopard gecko skeleton (D:4)
  5 rats
81 creatures vanquished.

Vanquished Creatures (others)
  5 toadstools (D:1)
5 creatures vanquished.

Grand Total: 86 creatures vanquished

Notes
Turn   | Place    | Note
-------+----------+-------------------------------------------
     0 | D:1      | nicolaieve the Minotaur Berserker began the quest for the Orb.
     0 | D:1      | Reached XP level 1. HP: 19/19 MP: 0/0
    53 | D:1      | Reached skill level 4 in Axes
    53 | D:1      | Reached XP level 2. HP: 24/27 MP: 1/1
   327 | D:1      | Reached XP level 3. HP: 33/33 MP: 2/2
   822 | D:2      | Reached ** piety under Trog
   927 | D:2      | Reached skill level 5 in Axes
  1450 | D:3      | Reached XP level 4. HP: 37/41 MP: 3/3
  1668 | D:3      | Found an ancient bone altar of Kikubaaqudgha.
  1721 | D:3      | Found a glowing golden altar of the Shining One.
  1852 | D:3      | Found a bloodstained altar of Trog.
  2052 | D:4      | Reached XP level 5. HP: 20/47 MP: 4/4
  2059 | D:4      | Reached skill level 6 in Axes
  2197 | D:4      | Noticed Ijyb
  2206 | D:4      | Killed Ijyb
  2220 | D:4      | Reached *** piety under Trog
  2235 | D:4      | Reached skill level 5 in Fighting
  2246 | D:4      | Reached XP level 6. HP: 19/56 MP: 5/5
  2269 | D:4      | Reached skill level 7 in Axes
  2368 | D:4      | Noticed a slave
  2368 | D:4      | Noticed a slave
  2370 | D:4      | Noticed Pikel
  2370 | D:4      | Noticed a slave
  2371 | D:4      | Noticed a slave
  2380 | D:4      | Killed a slave
  2383 | D:4      | Killed a slave
  2386 | D:4      | HP: 2/56 [Pikel/whip of electrocution (9)]
  2386 | D:4      | Mangled by Pikel

Skill      XL: |  1  2  3  4  5  6 |
---------------+-------------------+-----
Axes           | 4 5 6 7 |  7.5
Fighting       | 4 5 |  5.1
Armour         | 3 4 |  4.0
Dodging        | |  2.1

Action                   |  1- 3 |  4- 6 || total
-------------------------+-------+-------++-------
Melee: Hand axe          |    79 |   126 ||   205
       Headbutt          |    16 |    24 ||    40
Invok: Berserk           |       |     2 ||     2
       Trog's Hand       |       |     1 ||     1
  Eat: Chunk             |     1 |     5 ||     6
Armor: Animal skin       |    16 |       ||    16
       Chain mail        |    36 |    52 ||    88
Dodge: Dodged            |    53 |    50 ||   103
